Map: Ley Lines

Players

LiquidClem (Clem) - Winner!

  • Race: Terran Terran
  • League: Grandmaster
  • Spawn Location: 1:00

Mixu

  • Race: Zerg Zerg
  • League: Grandmaster
  • Spawn Location: 7:00

Event: HomeStory Cup XXVI

VOD

Have the link to the VOD?

Description

Time

  • Played on: Nov. 30, 2024, 7:35 a.m.
  • Length: 7:12

All games in this series

Show
View Real Time Build Order
Export as new Build Order

LiquidClem Terran - Winner!

Build Orders: Reaper Expand 

Get SALT Encoding   

  12  0:00  SCV  
  13  0:12  SCV  
  14  0:16  Supply Depot  
  14  0:24  SCV  
  15  0:38  SCV  
  15  0:39  Barracks  
  15  0:42  Refinery  
  16  0:50  SCV  
  17  1:02  SCV  
  18  1:14  SCV  
  19  1:27  Orbital Command, Reaper  
  20  1:37  Command Center  
  20  1:46  Supply Depot  
  20  1:52  SCV  
  21  1:58  Marine  
  22  2:04  SCV  
  23  2:09  Factory  
  23  2:17  SCV  
  23  2:19  Barracks Reactor  
  24  2:29  SCV  
  25  2:39  Command Center  
  25  2:41  SCV  
  26  2:49  Orbital Command  
  26  2:53  SCV  
  27  2:59  Barracks  
  27  3:02  Barracks Tech Lab  
  27  3:05  SCV  
  28  3:07  Hellion  
  30  3:13  Hellion  
  30  3:15  SCV  
  30  3:18  SCV  
  34  3:20  Marine  
  34  3:23  Refinery  
  34  3:25  Stimpack  
  35  3:28  SCV  
  35  3:30  SCV  
  35  3:33  Hellion  
  39  3:36  Hellion  
  39  3:40  SCV  
  42  3:41  Marine  
  42  3:42  SCV  
  44  3:51  Orbital Command  
  44  3:52  SCV  
  44  3:54  SCV  
  46  3:56  Starport  
  46  3:59  Marine  
  46  4:04  SCV, Marine  
  46  4:05  Marine  
  46  4:06  SCV  
  46  4:08  Factory Reactor  
  48  4:17  SCV, Marine  
  46  4:18  SCV  
  46  4:19  SCV  
  46  4:22  Marine  
  48  4:28  Supply Depot  
  48  4:29  SCV  
  48  4:30  SCV, Marine  
  48  4:31  SCV  
  52  4:35  Marine  
  53  4:40  Marine  
  53  4:41  SCV  
  53  4:42  SCV  
  53  4:43  SCV  
  53  4:44  Supply Depot  
  57  4:48  Marine  
  58  4:53  SCV, Marine, Factory Tech Lab, Medivac x2  
  58  4:55  SCV x2, Refinery  
  66  5:02  Engineering Bay  
  66  5:03  Marine, Engineering Bay  
  66  5:05  SCV  
  69  5:07  Supply Depot, SCV, Marine  
  69  5:10  Orbital Command  
  69  5:14  Refinery  
  70  5:16  Marine  
  70  5:17  Barracks  
  70  5:21  Marine  
  70  5:24  SCV  
  70  5:26  Marine  
  70  5:31  Siege Tank  
  70  5:33  Marine  
  70  5:35  SCV  
  74  5:39  Marine  
  74  5:40  SCV  
  72  5:43  SCV  
  72  5:44  Marine  
  69  5:51  Supply Depot, Marine  
  69  5:57  Marine  
  67  6:01  SCV  
  67  6:02  Marine  
  69  6:08  SCV  
  69  6:09  Marine  
  70  6:14  Supply Depot, Marine, Barracks Reactor  
  70  6:16  SCV  
  70  6:17  SCV  
  67  6:20  SCV, Marine  
  67  6:27  Marine  
  67  6:28  SCV  
  67  6:29  SCV  
  67  6:32  Supply Depot  
  69  6:36  SCV, Marine  
  69  6:38  Marine  
  72  6:40  SCV  
  72  6:45  Marine  
  72  6:46  Supply Depot  
  75  6:48  SCV, Barracks x2  
  75  6:50  Marine  
  75  6:54  SCV, Marine  
  77  7:00  SCV  
  82  7:06  Supply Depot  
  85  7:08  Supply Depot  
Show
View Real Time Build Order
Export as new Build Order

Mixu Zerg 

Build Orders: Hatch First 

Get SALT Encoding   

  12  0:00  Drone  
  13  0:12  Overlord  
  13  0:17  Drone  
  14  0:30  Drone x2  
  16  0:47  Hatchery  
  16  0:49  Drone  
  16  0:54  Drone  
  16  0:56  Drone  
  18  1:07  Extractor  
  17  1:11  Spawning Pool  
  17  1:15  Drone  
  17  1:18  Drone  
  18  1:28  Drone  
  19  1:39  Drone  
  20  1:51  Overlord  
  20  1:58  Queen x2  
  20  1:59  Zergling x2  
  20  2:00  Zergling x2  
  26  2:10  Drone  
  26  2:12  Drone, Metabolic Boost  
  28  2:22  Drone x2  
  29  2:32  Drone  
  29  2:36  Drone  
  31  2:38  Queen  
  31  2:42  Overlord  
  31  2:43  Drone  
  34  2:55  Queen  
  36  3:01  Drone x2  
  38  3:06  Drone x2  
  38  3:11  Drone, Overlord  
  41  3:13  Drone  
  41  3:18  Drone  
  43  3:22  Extractor  
  44  3:28  Overlord  
  44  3:29  Roach Warren, Drone  
  44  3:33  Drone  
  45  3:43  Drone  
  45  3:45  Drone  
  45  3:47  Hatchery  
  45  3:50  Overlord  
  45  3:54  Drone  
  45  3:55  Drone  
  45  4:01  Overlord  
  45  4:03  Zergling x4  
  45  4:04  Zergling x6  
  48  4:15  Roach x2  
  48  4:22  Roach x3  
  51  4:29  Roach  
  53  4:32  Overlord  
  53  4:40  Ravager x2  
  53  4:41  Zergling x6  
  53  4:45  Zergling x2  
  59  4:47  Zergling x2  
  59  4:51  Ravager  
  59  4:52  Zergling x2  
  61  4:55  Zergling x4  
  61  4:59  Ravager  
  64  5:01  Zergling x4  
  64  5:03  Zergling x2  
  64  5:06  Zergling x2  
  68  5:11  Zergling x4  
  69  5:15  Zergling x4  
  69  5:20  Ravager  
  69  5:22  Zergling x4  
  69  5:27  Roach  
  73  5:30  Zergling x6  
  73  5:34  Zergling x2  
  77  5:40  Zergling x6  
  77  5:45  Zergling x4  
  69  5:50  Zergling x4  
  69  5:55  Ravager  
  69  5:59  Zergling x6  
  65  6:04  Drone x2  
  65  6:05  Drone  
  65  6:10  Drone x2  
  63  6:20  Drone x3  
  63  6:21  Drone x2  
  63  6:25  Drone  
  55  6:33  Drone x3  
  55  6:37  Drone x2  
  60  6:41  Drone x3  
  60  6:44  Drone  
  60  6:46  Drone, Extractor  
  64  6:50  Drone  
  64  6:51  Drone  
Tags
 
Add a new tag
Caveats
  • Supply blocks, unpowered buildings, or Contaminate may cause inaccurate times.
  • Supply counts are checked every 10 seconds.